 Dungeon Crawl Stone Soup version 0.17.2-1-ge4368a0 (webtiles) character file.

2718 Goblin1989 the Grappler (level 9, -2/65 HPs)
             Began as a Demonspawn Fighter on Sept 27, 2016.
             Was an Initiate of Gozag.
             Slain by a wight
             ... wielding a +0 trident
              (8 damage)
             ... on level 7 of the Dungeon.
             The game lasted 00:14:42 (5197 turns).

Goblin1989 the Grappler (Demonspawn Fighter)        Turns: 5197, Time: 00:14:42

Health: -2/65      AC: 12    Str: 20    XL:     9   Next: 39%
Magic:  9/9        EV:  7    Int:  9    God:    Gozag
Gold:   768        SH:  9    Dex: 13    Spells: 0 memorised, 8 levels left

rFire  . . .     SeeInvis .       - Unarmed
rCold  + + .     Clarity  .     r - +2 scale mail {rC+}
rNeg   . . .     SustAt   +     c - +0 shield
rPois  .         Gourm    .     (helmet restricted)
rElec  .         Spirit   .     t - +0 cloak
rCorr  .         Warding  .     u - +0 pair of gloves
rMut   .         Stasis   .     p - +0 pair of boots {run}
MR     .....                    (no amulet)
Stlth  ..........               (no ring)
                                y - ring of sustain attributes

@: drained, quick, not resistant to hostile enchantments, extremely unstealthy
A: antennae 1, claws 1, cold resistance 1, spiny 2, freezing cloud immunity
a: Potion Petition, Call Merchant, Bribe Branch, Renounce Religion


You were on level 7 of the Dungeon.
You worshipped Gozag.
Gozag was noncommittal.
You were not hungry.

You visited 1 branch of the dungeon, and saw 7 of its levels.

You collected 800 gold pieces.
You paid 32 gold pieces to Gozag.

Inventory:

Hand Weapons
 a - the +4 dagger of Tender Mercy {venom, rElec MR+ Int-5 SInv}
   (You found it on level 6 of the Dungeon)

   It poisons the flesh of those it strikes.
   It affects your intelligence (-5).
   It insulates you from electricity.
   It affects your resistance to hostile enchantments.
   It lets you see invisible.
Armour
 c - a +0 shield (worn)
 p - a +0 pair of boots of running (worn)
 r - a +2 scale mail of cold resistance (worn)
 t - a +0 cloak (worn)
 u - a +0 pair of gloves (worn)
Jewellery
 y - a ring of sustain attributes (left hand)
Wands
 o - a wand of disintegration (12)
 F - a wand of digging (9)
Scrolls
 b - a scroll of fear {unknown}
 g - 2 scrolls of random uselessness {unknown}
 h - 14 scrolls of identify {unknown}
 j - 5 scrolls of teleportation {unknown}
 k - 2 scrolls of remove curse {unknown}
 s - a scroll of magic mapping {unknown}
 v - 2 scrolls of fog {unknown}
 w - 4 scrolls of immolation {unknown}
 x - 2 scrolls of amnesia {unknown}
 A - a scroll of acquirement {unknown}
 B - a scroll of noise {unknown}
 C - a scroll of recharging {unknown}
 E - a scroll of enchant armour {unknown}
Potions
 d - a potion of poison {unknown}
 f - 2 potions of agility {unknown}
 i - 3 potions of haste {unknown}
 l - 3 potions of curing {unknown}
 m - a potion of heal wounds {unknown}
 n - a potion of invisibility {unknown}
 q - a potion of ambrosia {unknown}
 z - 2 potions of berserk rage {unknown}
 D - 2 potions of magic {unknown}
Comestibles
 e - 3 bread rations


   Skills:
 + Level 3.9(3.1) Fighting
   Level 5.8(5.0) Maces & Flails
 + Level 3.6(2.8) Armour
 + Level 3.5(2.7) Shields
 * Level 9.5(8.6) Unarmed Combat


You had 8 spell levels left.
You didn't know any spells.

Dungeon Overview and Level Annotations

Branches:
Dungeon (7/15)             Temple (0/1) D:6

Altars:
Elyvilon
Fedhas
Gozag
Ru
Trog
Yredelemnul


Innate Abilities, Weirdness & Mutations

You have a pair of small antennae on your head.
You have sharp fingernails.
Your flesh is cold resistant.
You are mostly covered in sharp spines.
You are immune to freezing clouds.


Message History

The wight is struck by your spines.
You destroy the wight!
The iguana is distracted by the nearby gold.
Drink which item? (? for menu, Esc to quit)
Okay, then.
You catch the helpless iguana momentarily off-guard.
You punch the iguana!
The iguana is no longer distracted by gold.
The iguana is heavily wounded.
The iguana is distracted by the nearby gold.
The iguana hisses angrily.
You punch the iguana!
You kill the iguana!
Things that are here:
35 gold pieces; a mace of freezing; a robe You hit the wight but do no damage.
The wight is no longer distracted by gold.
The wight hits you with a trident!
You die...
Your body crumbles into a pile of gold.

.....ਜ
.....ਜ
ਜ....ਜ
ਜ....ਜਜਜਜਜ
ਜ.........
ਜ.........
ਜ..z......
ਜ$@.......
ਜ<$.......
ਜਜਜਜ.(....
......
.....
..... ....


ਜਜਜਜ You could see a wight.

Vanquished Creatures
  Pikel (D:5)
  Grinder (D:5)
  The ghost of Goblin1989 the Cudgeler, an amateur DsFi of Gozag (D:5)
  Sigmund (D:6)
  A hippogriff (D:7)
  An ice beast (D:6)
  Duvessa (D:5)
  A slave (D:5)
  An orc warrior (D:6)
  A sky beast (D:6)
  2 giant frogs (D:6)
  Dowan (D:5)
  A scorpion (D:5)
  3 wights (D:7)
  3 orc wizards (D:6)
  An orc priest (D:6)
  A centaur skeleton (D:5)
  Crazy Yiuf (D:6)
  A giant frog skeleton (D:4)
  5 hounds
  2 iguanas
  Terence (D:2)
  Natasha (thrice) (D:3)
  6 worker ants
  A hound zombie (D:6)
  4 gnolls (D:4)
  8 adders
  An ooze (D:3)
  3 worms
  An adder zombie (D:6)
  An adder skeleton (D:6)
  14 orcs
  6 bats
  11 goblins
  6 hobgoblins
  9 jackals
  8 kobolds
  A quokka (D:4)
  A ball python (D:3)
  6 giant cockroaches
  4 giant geckos
  2 giant gecko zombies
  5 giant newts
  5 rats
138 creatures vanquished.

Vanquished Creatures (others)
  5 fungi (D:5)
5 creatures vanquished.

Grand Total: 143 creatures vanquished

Notes
Turn   | Place    | Note
--------------------------------------------------------------
     0 | D:1      | Goblin1989 the Demonspawn Fighter began the quest for the Orb.
     0 | D:1      | Reached XP level 1. HP: 18/18 MP: 1/1
   132 | D:1      | Gained mutation: Your flesh is cold resistant. [demonic ancestry]
   132 | D:1      | Reached XP level 2. HP: 20/24 MP: 2/2
   738 | D:2      | Gained mutation: You are partially covered in sharp spines. [demonic ancestry]
   738 | D:2      | Reached XP level 3. HP: 16/29 MP: 3/3
   915 | D:2      | Noticed Terence
   923 | D:2      | Killed Terence
   957 | D:2      | Gained mutation: You are mostly covered in sharp spines. [demonic ancestry]
   957 | D:2      | Reached XP level 4. HP: 31/35 MP: 4/4
   963 | D:2      | Identified a +0 pair of boots of running (You found it on level 2 of the Dungeon)
   970 | D:2      | Reached skill level 4 in Maces & Flails
  1105 | D:2      | Found a blossoming altar of Fedhas.
  1459 | D:3      | Found an opulent altar of Gozag.
  1469 | D:3      | Became a worshipper of Gozag Ym Sagoz the Greedy
  1584 | D:3      | Noticed Natasha
  1595 | D:3      | Killed Natasha
  1595 | D:3      | Reached skill level 5 in Maces & Flails
  1595 | D:3      | Reached XP level 5. HP: 23/41 MP: 5/5
  1673 | D:3      | Noticed Natasha
  1679 | D:3      | Killed Natasha
  1710 | D:3      | Noticed Natasha
  1714 | D:3      | Killed Natasha
  2293 | D:4      | Gained mutation: You have sharp fingernails. [demonic ancestry]
  2293 | D:4      | Reached XP level 6. HP: 21/47 MP: 6/6
  2580 | D:4      | Reached skill level 1 in Unarmed Combat
  2844 | D:5      | Entered Level 5 of the Dungeon
  2893 | D:5      | Noticed Grinder
  2894 | D:5      | Paralysed by Grinder for 3 turns
  2907 | D:5      | Killed Grinder
  2907 | D:5      | Gained mutation: You are immune to freezing clouds. [demonic ancestry]
  2907 | D:5      | Reached XP level 7. HP: 34/52 MP: 7/7
  3024 | D:5      | Noticed Goblin1989's ghost (amateur DsFi)
  3037 | D:5      | Killed Goblin1989's ghost
  3037 | D:5      | Reached skill level 5 in Unarmed Combat
  3215 | D:5      | Found a basalt altar of Yredelemnul.
  3370 | D:5      | Noticed Duvessa
  3370 | D:5      | Noticed Dowan
  3373 | D:5      | Found a white marble altar of Elyvilon.
  3379 | D:5      | Killed Dowan
  3379 | D:5      | Reached skill level 6 in Unarmed Combat
  3386 | D:5      | Killed Duvessa
  3386 | D:5      | Reached XP level 8. HP: 43/58 MP: 8/8
  3602 | D:5      | Noticed Pikel
  3624 | D:5      | Killed Pikel
  3624 | D:5      | Reached skill level 8 in Unarmed Combat
  3979 | D:6      | Found a bloodstained altar of Trog.
  4221 | D:6      | Reached skill level 9 in Unarmed Combat
  4280 | D:6      | Gained mutation: You have a pair of small antennae on your head. [demonic ancestry]
  4280 | D:6      | Reached XP level 9. HP: 30/63 MP: 9/9
  4540 | D:6      | Found a sacrificial altar of Ru.
  4609 | D:6      | Found a staircase to the Ecumenical Temple.
  4852 | D:6      | Noticed Crazy Yiuf
  4855 | D:6      | Killed Crazy Yiuf
  5002 | D:6      | Noticed Sigmund
  5018 | D:6      | Killed Sigmund
  5150 | D:6      | Got a polished dagger
  5154 | D:6      | Identified the +4 dagger of Tender Mercy {venom, rElec MR+ Int-5 SInv} (You found it on level 6 of the Dungeon)
  5197 | D:7      | Slain by a wight

Action                   |  1- 3 |  4- 6 |  7- 9 || total
-------------------------+-------+-------+-------++-------
Melee: Flail             |   128 |   111 |   149 ||   388
       Unarmed           |       |       |    22 ||    22
Invok: Potion Petition   |       |       |     1 ||     1
  Use: Potion            |       |       |     1 ||     1
 Stab: Distracted        |       |       |     4 ||     4
  Eat: Chunk             |       |     2 |       ||     2
       Beef jerky        |       |     2 |       ||     2
       Meat ration       |       |       |     2 ||     2

Vault maps used:
D:1:      dpeg_arrival_rooms_a
D:2:      nicolae_overflow_hidden_temple, uniq_terence
D:3:      nicolae_gozag_cash_rules_everything_around_me, uniq_natasha
D:4:      eino_small_chamber_without_monster, minmay_misc_feat_encased
D:5:      lemuel_coloured_pillars_altar, nicolae_overflow_crystal_walls,
          first_bread, serial_aquarium, aquarium_bridge_island_small,
          aquarium_window_3, aquarium_window_fake, aquarium_view_2c,
          uniq_grinder, uniq_pikel, uniq_duvessa
D:6:      old_standard_altar, kennysheep_little_box, minmay_temple_entry_grid,
          uniq_sigmund, uniq_crazy_yiuf_cottage
